[Event "Late-Titled-Tuesday-Blitz-April-23-2024"]
[Site "Chess.com"]
[Date "2024.04.23"]
[Round "7"]
[White "Byniolus"]
[Black "reevecanada"]
[Result "1-0"]
[WhiteElo "2810"]
[BlackElo "2621"]
[TimeControl "180+1"]
[EndTime "15:21:25 PDT"]
[Termination "Byniolus won by checkmate"]

1. d4 Nf6 2. Nf3 b6 3. Bf4 Bb7 4. e3 d6 5. h3 Nbd7 6. Be2 g6 7.
a4 a6 8. O-O Bg7 9. Nbd2 O-O 10.
Bh2 Re8 11. c3 c5 12. Qb3 Rc8 13. Bc4 d5 14. Be2 e6 15. Rfd1 Bf8 16. c4 cxd4 17. exd4 dxc4 18. Nxc4 Bd5 19. Rac1 Ne4 20. Qd3 Ndf6 21.
Ne3 Bb7 22. Ne5 Nd6 23. Bf3 Qe7 24. Nxg6 hxg6 25. Bxd6 Qxd6 26. Bxb7 Rxc1 27. Rxc1 e5 28. d5 a5 29. Rc6 Qd8 30. d6 Re6 31. Nc4 Nd7 32. Rc8 Qg5 33. Bd5 Rf6 34. Qe3 Qf5 35. Be4 Qe6 36. Qh6 Qxc4 37. Qxf8+ Nxf8 38. Rxc4 Rxd6 39.
Rc7 Nd7 40. b3 Nc5 41. Bf3 Nxb3 42. g4 Nc5 43. Bc6 e4 44. Bb5 Rd1+ 45. Kg2 Ne6 46. Rc6 Nf4+ 47. Kh2 g5 48. Rxb6 Rd2 49. Kg3 Rb2 50.
Rb8+ Kg7 51. Ra8 Rb3+ 52. Kh2 Rxh3+ 53. Kg1 Rh4 54. Rxa5 Rxg4+ 55. Kf1 Nh3 56. Ke2 Rf4 57. Ra7 Nxf2 58. Ke3 Ng4+ 59. Kd4 e3+ 60. Kd3 Rf2 61.
a5 Rd2+ 62. Kc3 Rd5 63. Bc4 Rf5 64. a6 Ne5 65. Bb5 Nf3 66. Rb7 g4 67. a7 Rxb5 68.
Rxb5 e2 69. Rb1 e1=Q+ 70. Rxe1 Nxe1 71. a8=Q Nf3 72. Qe4 Ng5 73. Qxg4 Kg6 74. Qg2 f6 75. Kd4 Kf5 76. Ke3 Ke5 77. Qc2 Ke6 78. Qc6+ Ke5 79.
Qc5+ Ke6 80. Kf4 Nh3+ 81. Kg4 Ng5 82. Qb5 Nf7 83. Qb6+ Ke7 84. Kf5 Nd6+ 85. Kg6 Ke6 86. Qb3+ Ke5 87. Qf3 Ne4 88. Qf5+ Kd4 89. Qf4 Kd3 90.
Kf5 Nc3 91. Qg3+ Kc4 92. Qh4+ Kd3 93. Qxf6 Nd5 94. Qh4 Ne3+ 95. Kg5 Nc4 96. Qh3+ Ne3 97. Kf4 Kc2 98. Qxe3 Kb1 99. Qd2 Ka1 100. Ke3 Kb1 101. Kd3 Ka1 102. Kc3 Kb1 103. Qb2# 1-0

[Event "Late-Titled-Tuesday-Blitz-April-23-2024"]
[Site "Chess.com"]
[Date "2024.04.23"]
[Round "7"]
[White "Oleg_Papayan"]
[Black "giomar27"]
[Result "1/2-1/2"]
[WhiteElo "2640"]
[BlackElo "2506"]
[TimeControl "180+1"]
[EndTime "15:21:33 PDT"]
[Termination "Game drawn by repetition"]

1. e4 e5 2. Nf3 Nc6 3. Bb5 a6 4. Bxc6 dxc6 5. Nc3 f6 6. d4 exd4 7. Qxd4 Qxd4 8. Nxd4 Bd7 9. Be3 O-O-O 10. O-O-O c5 11. Nde2 b6 12. Nd5 Ne7 13. Nec3 Bc6 14. Bf4 Nxd5 15. Nxd5 Bd6 16. Bxd6 Bxd5 17. Bxc7 Kxc7 18. exd5 Rhe8 19. c4 Re2 20. Rd2 Re4 21. Rc2 Rde8 22. Rd1 Kd6 23. b3 b5 24. Rdd2 Re1+ 25. Rd1 R1e4 26. Kb2 R8e5 27. Rd3 Re1 28. Rg3 g6 29. Rf3 f5 30.
Rd3 Rg1 31. g3 Ree1 32. cxb5 axb5 33. Kc3 Re4 34. a3 b4+ 35. axb4 Rxb4 36. Re2 Re4 37.
Ra2 Rc1+ 38. Kd2 Rh1 39. Ra6+ Kd7 40. Ra7+ Kd6 41. Ra6+ Kd7 42. d6 Rd4 43. h4 Rd1+ 44.
Kxd1 Rxd3+ 45. Kc2 Rf3 46. Ra7+ Kxd6 47. Rxh7 Rxf2+ 48. Kc1 Rf3 49. Rh6 Rxg3 50. h5 Ke6 51. hxg6 Kf6 52.
Kc2 Rxg6 53. Rh8 Ke5 54. Kd3 Kd5 55. Rd8+ Kc6 56. Rf8 Kb5 57. Rxf5 Kb4 58. Kc2 Rg2+ 59. Kc1 Rg3 60. Kc2 Rc3+ 61. Kb2 Re3 62. Kc2 Re2+ 63.
Kc1 Rh2 64. Rf3 Rh6 65. Kc2 Ra6 66. Rf4+ Kb5 67. Rc4 Ra2+ 68. Kc3 Rh2 69. Rf4 Rh3+ 70. Kc2 Rg3 71. Rh4 Rf3 72. Rg4 Rh3 73. Kb2 Rh2+ 74.
Ka3 Rh1 75. Rg8 Ra1+ 76. Kb2 Rh1 77. Rb8+ Kc6 78. Kc3 Rh3+ 79. Kc2 Rh2+ 80. Kd3 Rh3+ 81. Kd2 Rh2+ 82. Kc3 Rh3+ 83. Kb2 Rh2+ 84. Ka3 Rh1 85. Rg8 Kb5 86. Rg5 Rh2 87. Rf5 Rh3 88. Rf4 Rc3 89.
Kb2 Rh3 90. Rg4 Rh2+ 91. Kc3 Rh3+ 92. Kc2 Rh2+ 93. Kb1 Rf2 94. Re4 Rh2 95. Rf4 Rg2 96. Rh4 Rf2 97. Rg4 Re2 98. Rf4 Rh2 99. Rg4 Rf2 100. Rh4 Rg2 101. Rf4 Rh2 102. Rg4 1/2-1/2

[Event "Late-Titled-Tuesday-Blitz-April-23-2024"]
[Site "Chess.com"]
[Date "2024.04.23"]
[Round "7"]
[White "teresin05"]
[Black "Ghost_Pepper"]
[Result "1/2-1/2"]
[WhiteElo "2337"]
[BlackElo "2486"]
[TimeControl "180+1"]
[EndTime "15:22:07 PDT"]
[Termination "Game drawn - insufficient material"]

1. e4 c5 2. Nf3 d6 3. d4 cxd4 4. Nxd4 Nf6 5. f3 a6 6. c4 g6 7. Nc3 Bg7 8. Be3 O-O 9. Qd2 Qc7 10. Be2 Rd8 11. O-O Nc6 12. Rfc1 e6 13. Nd5 exd5 14.
cxd5 Bd7 15. Rc2 Qb8 16. dxc6 bxc6 17. Nxc6 Bxc6 18. Rxc6 d5 19. Rb6 Qe5 20. Bf4 Qe7 21. e5 Qc5+ 22. Be3 d4 23. Qb4 Qxb4 24. Rxb4 Nd5 25.
Bd2 Nxb4 26. Bxb4 Bxe5 27. Bd3 Bf4 28. g3 Be3+ 29. Kg2 Rdc8 30. Rd1 Rc1 31. Rxc1 Bxc1 32.
b3 a5 33. Bc5 Be3 34. f4 a4 35. b4 a3 36. b5 Rb8 37. b6 Bd2 38. Be4 Ba5 39. b7 d3 40. Kf3 d2 41. Ke2 Re8 42. Kd1 Bc7 43. Bc6 Re1+ 44. Kxd2 Rb1 45. Ba7 Rb2+ 46. Kd3 Rxa2 47. b8=Q+ Bxb8 48. Bxb8 Rb2 49.
Be5 Rb3+ 50. Kc2 Rb6 51. Bd5 Rb5 52. Bc4 Rb4 53. Bb3 Rb7 54. Bc4 Rb6 55. Bb3 Rc6+ 56.
Kb1 Rc5 57. Ka2 Rc1 58. Kxa3 Re1 59. Kb2 Re2+ 60. Kc3 Rxh2 61. Bd5 Rg2 62. Kd4 Rxg3 63. Ke4 Ra3 64. Bc4 Ra4 65. Kd3 h5 66. Bd5 Ra3+ 67. Ke2 h4 68. Kf2 Ra5 69. Bf3 Rc5 70. Be2 Rd5 71.
Bg4 Rd2+ 72. Kf3 Ra2 73. Bd7 Ra3+ 74. Kg4 h3 75. f5 Re3 76. Bf4 Re4 77. fxg6 fxg6 78.
Bc6 Rd4 79. Bf3 h2 80. Kg3 Rd3 81. Kg2 Ra3 82. Be4 Kg7 83. Kxh2 Ra4 84. Be5+ Kf7 85. Bg2 Ke6 86. Bg3 Kf5 87. Bh3+ Kg5 88. Bg2 Ra2 89. Kh3 Kh5 90. Bf3+ Kh6 91. Bf4+ g5 92.
Bc1 Ra3 93. Kg4 Rc3 94. Bxg5+ Kg6 95. Bf4 Kf7 96. Be4 Rc4 97. Bf5 Ke7 98. Kf3 Rd4 99.
Be4 Rb4 100. Ke3 Rb3+ 101. Kd4 Rb6 102. Bd2 Ra6 103. Bc3 Ra4+ 104. Kd3 Ra3 105. Kd4 Ra4+ 106. Kd3 Ra3 107. Kc4 Ra7 108. Kd5 Rd7+ 109. Ke5 Rc7 110. Bb4+ Kd7 111. Bf5+ Kc6 112. Be4+ Kb5 113. Bd6 Rd7 114. Bf5 Rg7 115. Bf8 Rf7 116. Bd6 Kc6 117. Bb4 Rg7 118. Bc3 Rg5 119. Kf4 Rxf5+ 120. Kxf5 1/2-1/2

[Event "Late-Titled-Tuesday-Blitz-April-23-2024"]
[Site "Chess.com"]
[Date "2024.04.23"]
[Round "8"]
[White "Meri-Arabidze"]
[Black "giomar27"]
[Result "1-0"]
[WhiteElo "2674"]
[BlackElo "2501"]
[TimeControl "180+1"]
[EndTime "15:24:44 PDT"]
[Termination "Meri-Arabidze won by resignation"]

1. Nf3 f6 2. d4 g6 3. g3 Nh6 4. Bg2 Nf7 5. O-O Bg7 6. e4 O-O 7. c4 d6 8. Nc3 Nc6 9. b3 e5 10.
Be3 f5 11. Qd2 fxe4 12. Nxe4 Bf5 13. Nc3 exd4 14. Nxd4 Nxd4 15. Bxd4 Rb8 16. Bxa7 Ra8 17. Bd4 Rb8 18. Rad1 Ne5 19. f4 Nc6 20. Bxg7 Kxg7 21.
Nd5 Ra8 22. Rfe1 Re8 23. Rxe8 Qxe8 24. Nxc7 1-0

[Event "Late-Titled-Tuesday-Blitz-April-23-2024"]
[Site "Chess.com"]
[Date "2024.04.23"]
[Round "8"]
[White "artin10862"]
[Black "DeTimmerman"]
[Result "0-1"]
[WhiteElo "2920"]
[BlackElo "2764"]
[TimeControl "180+1"]
[EndTime "15:25:19 PDT"]
[Termination "DeTimmerman won by resignation"]

1. e4 e5 2. Nf3 Nc6 3. Bc4 Nf6 4. d4 exd4 5. O-O Nxe4 6. Nc3 dxc3 7. Qd5 Nd6 8. Ng5 Qf6 9. bxc3 Nxc4 10. Qxc4 Be7 0-1

[Event "Late-Titled-Tuesday-Blitz-April-23-2024"]
[Site "Chess.com"]
[Date "2024.04.23"]
[Round "8"]
[White "albayo"]
[Black "NM_Koval"]
[Result "0-1"]
[WhiteElo "2540"]
[BlackElo "2173"]
[TimeControl "180+1"]
[EndTime "15:25:40 PDT"]
[Termination "NM_Koval won by checkmate"]

1. e4 c5 2. Nf3 d6 3. d4 cxd4 4. Nxd4 Nf6 5. Nc3 g6 6. Be3 Bg7 7. f3 O-O 8. Qd2 Nc6 9. g4 Nxd4 10. Bxd4 Be6 11. h4 Qa5 12. h5 Rac8 13. hxg6 fxg6 14. Qh2 Rf7 15. Bd3 Qb4 16. g5 Qxd4 17. gxf6 Bxf6 18. f4 Qe3+ 19. Kd1 Rxc3 20. bxc3 Bxc3 21. Rb1 Bg4+ 22. Be2 Qd2# 0-1

[Event "Late-Titled-Tuesday-Blitz-April-23-2024"]
[Site "Chess.com"]
[Date "2024.04.23"]
[Round "8"]
[White "PawnEatingZombie"]
[Black "dianamirza"]
[Result "1-0"]
[WhiteElo "2213"]
[BlackElo "2016"]
[TimeControl "180+1"]
[EndTime "15:25:49 PDT"]
[Termination "PawnEatingZombie won by resignation"]

1. e4 d5 2. exd5 Qxd5 3. Nc3 Qd8 4.
Bc4 Nf6 5. d3 a6 6. a4 Bg4 7. f3 Bh5 8. Nge2 e6 9. Be3 Be7 10. Qd2 O-O 11. g4 Bg6 12. h4 Nbd7 13. h5 Ne5 14. Ng1 Nxc4 15. dxc4 Qxd2+ 16. Kxd2 Rfd8+ 17. Kc1 Bxh5 18. gxh5 Nd7 19. f4 Nc5 20. Nge2 1-0

[Event "Late-Titled-Tuesday-Blitz-April-23-2024"]
[Site "Chess.com"]
[Date "2024.04.23"]
[Round "8"]
[White "NitaLucian"]
[Black "AradNazari"]
[Result "0-1"]
[WhiteElo "2372"]
[BlackElo "2745"]
[TimeControl "180+1"]
[EndTime "15:25:55 PDT"]
[Termination "AradNazari won by resignation"]

1. e4 c5 2. d3 Nc6 3. Nd2 g6 4. Ngf3 Bg7 5. Be2 e5 6. O-O Nge7 7. b3 O-O 8. Bb2 d6 9. c3 Rb8 10. Qc2 b5 11. Rad1 a6 12. Rfe1 h6 13. Nf1 Be6 14. d4 cxd4 15. cxd4 Rc8 16. Qb1 exd4 17. Nxd4 Nxd4 18. Bxd4 Bxd4 19. Rxd4 Nc6 20. Rd2 Qe7 21.
Red1 Rfd8 22. Ne3 Ne5 23. f4 Qa7 24. Kf2 Rc3 25. fxe5 Qxe3+ 26. Kf1 Qf4+ 27. Bf3 Qxe5 28. b4 Qxh2 29. Kf2 h5 30. Rd3 Rdc8 31. Rxc3 Rxc3 32.
Qb2 Rxf3+ 33. Kxf3 Bg4+ 34. Ke3 Bxd1 35. Qf6 Qe5 0-1

[Event "Late-Titled-Tuesday-Blitz-April-23-2024"]
[Site "Chess.com"]
[Date "2024.04.23"]
[Round "8"]
[White "Szachulec75"]
[Black "crosky"]
[Result "0-1"]
[WhiteElo "2085"]
[BlackElo "2348"]
[TimeControl "180+1"]
[EndTime "15:26:13 PDT"]
[Termination "crosky won by checkmate"]

1. Nf3 Nf6 2. g3 b5 3. Bg2 Bb7 4. d3 c5 5. O-O e6 6. e4 d6 7. a4 b4 8. Nbd2 Be7 9. b3 Nbd7 10. Bb2 O-O 11. Re1 Qc7 12. h3 Rfe8 13. e5 Nd5 14. Nc4 dxe5 15. Nfxe5 Bf6 16. Nxd7 Bxb2 17. Nxb2 Qxd7 18.
Nc4 Nc3 19. Qh5 Bxg2 20. Kxg2 Qd5+ 21. Qf3 Qd4 22. Rac1 Rad8 23. h4 Rd5 24. h5 Rf5 25. Qc6 Qxf2+ 26. Kh3 Rxh5+ 27. Kg4 Qf5# 0-1

[Event "Late-Titled-Tuesday-Blitz-April-23-2024"]
[Site "Chess.com"]
[Date "2024.04.23"]
[Round "8"]
[White "DrVelja"]
[Black "TheBigBoss04"]
[Result "1-0"]
[WhiteElo "2973"]
[BlackElo "2798"]
[TimeControl "180+1"]
[EndTime "15:26:34 PDT"]
[Termination "DrVelja won by resignation"]

1. d4 Nf6 2. c4 d6 3. Nc3 Nbd7 4. e4 e5 5. Nf3 Be7 6. Be2 O-O 7. O-O Re8 8. Re1 c6 9. Bf1 Bf8 10. d5 c5 11. a3 a6 12. b4 Qc7 13.
Rb1 g6 14. Be3 Bg7 15. Bd2 Rb8 16. Be3 Ng4 17. Bg5 b5 18. Nd2 cxb4 19. axb4 bxc4 20.
Qxg4 Nc5 21. Qf3 Nd3 22. Bxd3 cxd3 23. Qxd3 h6 24. Be3 Bd7 25. Rec1 Rec8 26. Qxa6 1-0

[Event "Late-Titled-Tuesday-Blitz-April-23-2024"]
[Site "Chess.com"]
[Date "2024.04.23"]
[Round "8"]
[White "scandalgod"]
[Black "Ajedrez_con_German"]
[Result "0-1"]
[WhiteElo "2524"]
[BlackElo "2650"]
[TimeControl "180+1"]
[EndTime "15:26:36 PDT"]
[Termination "Ajedrez_con_German won by checkmate"]

1. d4 a6 2. e4 e6 3. Bd3 d5 4. exd5 exd5 5. h3 c5 6. dxc5 Bxc5 7. Nf3 Nf6 8. O-O O-O 9. Bg5 h6 10. Bh4 Qd6 11. Nbd2 Nc6 12. Bg3 Qxg3 13. Ne1 Bxh3 14.
Be2 Ng4 15. Nb3 Qh2# 0-1

[Event "Late-Titled-Tuesday-Blitz-April-23-2024"]
[Site "Chess.com"]
[Date "2024.04.23"]
[Round "8"]
[White "Cluke86"]
[Black "DeArron_Fox"]
[Result "1-0"]
[WhiteElo "2354"]
[BlackElo "2475"]
[TimeControl "180+1"]
[EndTime "15:26:45 PDT"]
[Termination "Cluke86 won on time"]

1. e4 c5 2. Nc3 e6 3. Nge2 a6 4. g3 b5 5. Bg2 Bb7 6. O-O Nf6 7. Re1 b4 8. Nd5 exd5 9. exd5 Bd6 10. Nd4+ Kf8 11. Nf5 Qc7 12. d4 c4 13. c3 Bxd5 14.
Bxd5 Nxd5 15. Qg4 Rg8 16. Qe4 1-0

[Event "Late-Titled-Tuesday-Blitz-April-23-2024"]
[Site "Chess.com"]
[Date "2024.04.23"]
[Round "8"]
[White "zverr1"]
[Black "ChessSwole"]
[Result "1-0"]
[WhiteElo "2461"]
[BlackElo "2673"]
[TimeControl "180+1"]
[EndTime "15:26:54 PDT"]
[Termination "zverr1 won by resignation"]

1. e4 d5 2. exd5 Qxd5 3. Nc3 Qd6 4. d4 Nf6 5. Nb5 Qb6 6. c4 c6 7. c5 Qd8 8. Nc3 e5 9. Be3 Ng4 10. Bc4 Nxe3 11. fxe3 Qg5 12. Qf3 Qg6 13. O-O-O Bg4 14. Bxf7+ Qxf7 15. Qxg4 Nd7 16. Nf3 O-O-O 17. Nxe5 Qe8 18.
Rhf1 Kb8 19. Nf7 Be7 20. Nxh8 Qxh8 21. Rf7 Qe8 22. Qe6 1-0

[Event "Late-Titled-Tuesday-Blitz-April-23-2024"]
[Site "Chess.com"]
[Date "2024.04.23"]
[Round "8"]
[White "SpeedofLight0"]
[Black "amanmuhammethommadov"]
[Result "1-0"]
[WhiteElo "3050"]
[BlackElo "2742"]
[TimeControl "180+1"]
[EndTime "15:27:03 PDT"]
[Termination "SpeedofLight0 won by resignation"]

1. d4 Nf6 2. Nc3 d5 3. Bf4 g6 4. Qd2 Bg7 5. O-O-O O-O 6. Bh6 Bxh6 7. Qxh6 Ng4 8. Qf4 c5 9. dxc5 e5 10. Qg3 d4 11. h3 Qg5+ 12. Kb1 dxc3 13. hxg4 cxb2 14. Qh2 h6 15. Nf3 Qf4 16. g3 Qf6 17. Qxh6 Qg7 18. Qe3 Nc6 19. Ng5 Bxg4 20. Rh7 Qxh7 21. Nxh7 Kxh7 22. Bg2 Kg7 23. Bxc6 bxc6 24. f3 Be6 25.
Qxe5+ 1-0

[Event "Late-Titled-Tuesday-Blitz-April-23-2024"]
[Site "Chess.com"]
[Date "2024.04.23"]
[Round "8"]
[White "Rytenko_V"]
[Black "N_I_Chess"]
[Result "0-1"]
[WhiteElo "2507"]
[BlackElo "2397"]
[TimeControl "180+1"]
[EndTime "15:27:03 PDT"]
[Termination "N_I_Chess won by resignation"]

1. e4 Nf6 2. e5 Nd5 3. d4 d6 4. Nf3 g6 5. Be2 Bg7 6. O-O O-O 7. Na3 Nc6 8. Nc4 a6 9. a4 Bf5 10. c3 dxe5 11. Ncxe5 Nxe5 12. Nxe5 c6 13. a5 Qd6 14. Nc4 Qc7 15. Re1 Rad8 16. Qb3 Be6 17. Qc2 Bf5 18.
Bd3 Bxd3 19. Qxd3 Rfe8 20. Bg5 c5 21. Rac1 h6 22. Bh4 cxd4 23. cxd4 Qf4 24. Re4 Qxc1+ 0-1

[Event "Late-Titled-Tuesday-Blitz-April-23-2024"]
[Site "Chess.com"]
[Date "2024.04.23"]
[Round "8"]
[White "cthake"]
[Black "FMOlexandrProhorov"]
[Result "1-0"]
[WhiteElo "1888"]
[BlackElo "2254"]
[TimeControl "180+1"]
[EndTime "15:27:07 PDT"]
[Termination "cthake won by resignation"]

1. e4 c5 2. Nf3 e6 3. c3 Nf6 4.
Bd3 Nc6 5. Bc2 d5 6. e5 Nd7 7. Qe2 Qc7 8. d4 cxd4 9. cxd4 b6 10. Nc3 Bb4 11. Bd2 Bxc3 12. Bxc3 a5 13. a3 Ba6 14. Bd3 Bxd3 15. Qxd3 a4 16. O-O h6 17. Rac1 Qb7 18. Qb5 O-O 19. Bd2 Rfc8 20. Rc2 Na5 21.
Rxc8+ Rxc8 22. Bxa5 1-0

[Event "Late-Titled-Tuesday-Blitz-April-23-2024"]
[Site "Chess.com"]
[Date "2024.04.23"]
[Round "8"]
[White "Crazy_girl99"]
[Black "expii"]
[Result "1-0"]
[WhiteElo "2603"]
[BlackElo "2169"]
[TimeControl "180+1"]
[EndTime "15:27:11 PDT"]
[Termination "Crazy_girl99 won by resignation"]

1. e4 c5 2. Nf3 d6 3. d4 cxd4 4. Nxd4 Nf6 5. Nc3 g6 6. Be3 Bg7 7. f3 O-O 8. Bc4 Nc6 9. Qd2 Bd7 10. Be2 Ne5 11. g4 Rc8 12. h4 h5 13. gxh5 Nxh5 14. Rg1 Nc4 15. Bxc4 Rxc4 16. O-O-O e5 17. Nb3 Rc6 18.
Nd5 Be6 19. Bg5 f6 20. Bh6 Kh7 21. Bxg7 Kxg7 22. Qg2 Bf7 23. Kb1 Nf4 24. Nxf4 exf4 25. Qd2 Bxb3 26. cxb3 Rc5 27. Qxf4 Re5 28. Qg4 Qe8 29.
Rxd6 Kh7 30. Rd7+ Rf7 31. Qxg6+ 1-0

[Event "Late-Titled-Tuesday-Blitz-April-23-2024"]
[Site "Chess.com"]
[Date "2024.04.23"]
[Round "8"]
[White "ChristopherYoo"]
[Black "Firouzja2003"]
[Result "1/2-1/2"]
[WhiteElo "3018"]
[BlackElo "3114"]
[TimeControl "180+1"]
[EndTime "15:27:17 PDT"]
[Termination "Game drawn by repetition"]

1. e4 e5 2. Nf3 Nc6 3. Bb5 Nf6 4. O-O Nxe4 5. Re1 Nd6 6. Nxe5 Be7 7. Bf1 Nxe5 8.
Rxe5 O-O 9. d4 Bf6 10. Bd3 Re8 11. Bf4 b6 12. Nc3 Bb7 13. Qd2 Re6 14. Rxe6 dxe6 15.
Re1 h6 16. Be5 Bxe5 17. dxe5 Nc4 18. Qc1 Na5 19. Qf4 Qg5 20. Qxg5 hxg5 21. Rd1 Kf8 22.
Be4 Bxe4 23. Nxe4 Ke7 24. Nxg5 Nc4 25. b3 Nxe5 26. h3 c5 27. f4 Nc6 28. c3 f6 29. Nf3 Nd8 30. Kf2 Nf7 31. Ke3 Nd6 32. g4 Rh8 33. h4 Nb5 34. c4 Nd4 35. h5 Nxf3 36. Kxf3 f5 37. a4 a5 38. Kg3 fxg4 39. Kxg4 Rf8 40. Rd3 Rf6 41. Rd1 Rf8 42. Rd3 Rf6 43.
Rd1 Rf8 1/2-1/2

[Event "Late-Titled-Tuesday-Blitz-April-23-2024"]
[Site "Chess.com"]
[Date "2024.04.23"]
[Round "8"]
[White "Arigu07"]
[Black "wild3000"]
[Result "1-0"]
[WhiteElo "2579"]
[BlackElo "2420"]
[TimeControl "180+1"]
[EndTime "15:27:18 PDT"]
[Termination "Arigu07 won by resignation"]

1. a3 c5 2. e3 e6 3. Nf3 Nf6 4. d4 d5 5. Be2 Nc6 6. O-O a6 7.
dxc5 Bxc5 8. b4 Be7 9. Bb2 O-O 10. c4 dxc4 11. Bxc4 b5 12. Bb3 Bb7 13. Qe2 Qb6 14. Nc3 Rfd8 15. Rac1 Rac8 16. h3 h6 17. Rfd1 Rxd1+ 18. Rxd1 Rd8 19. Rxd8+ Qxd8 20. Nd2 Qc7 21. f4 Nd7 22. Nce4 f5 23. Bxe6+ Kh8 24. Qh5 Nd4 25. Bxd4 Qc1+ 26. Kh2 Nf6 27. Bxf6 Bxf6 28. Qe8+ Kh7 29. Bg8+ Kh8 30. Bf7+ 1-0

[Event "Late-Titled-Tuesday-Blitz-April-23-2024"]
[Site "Chess.com"]
[Date "2024.04.23"]
[Round "8"]
[White "MetiForce"]
[Black "JoakimVonAnd"]
[Result "0-1"]
[WhiteElo "2928"]
[BlackElo "2737"]
[TimeControl "180+1"]
[EndTime "15:27:20 PDT"]
[Termination "JoakimVonAnd won by resignation"]

1. c4 e6 2. Nc3 d5 3. e3 Nf6 4. Nf3 a6 5. b3 b6 6. Bb2 Bb7 7. Qc2 Nbd7 8. Be2 Bd6 9. g4 Nxg4 10. Rg1 Nxh2 11. Nxh2 Bxh2 12. Rxg7 Be5 13. Rxh7 Qf6 14. Rxh8+ Qxh8 15. O-O-O O-O-O 16. f4 Bf6 17. cxd5 exd5 18. Bf3 Nc5 19. Rh1 Qg7 20. Qf5+ Kb8 21. Rh7 Qg1+ 22. Kc2 d4 23. exd4 Qxd4 24. Bxb7 Qxd2+ 25. Kb1 Qe1+ 0-1

[Event "Late-Titled-Tuesday-Blitz-April-23-2024"]
[Site "Chess.com"]
[Date "2024.04.23"]
[Round "8"]
[White "Jooonaaas1996"]
[Black "ferrufino64"]
[Result "1-0"]
[WhiteElo "2433"]
[BlackElo "2297"]
[TimeControl "180+1"]
[EndTime "15:27:21 PDT"]
[Termination "Jooonaaas1996 won by resignation"]

1. e4 c5 2. Nc3 Nc6 3. Bb5 Nd4 4. Nf3 Nxf3+ 5. Qxf3 a6 6. Bc4 e6 7. a4 d6 8. O-O Be7 9. d3 Nf6 10. Qg3 O-O 11. Bh6 Ne8 12. Bf4 b6 13. Rae1 Bb7 14. Bb3 Rc8 15. Qh3 Nf6 16. e5 dxe5 17. Bxe5 Nd5 18. Nxd5 exd5 19. c3 Bf6 20. f4 c4 21. Bc2 Bxe5 22. d4 g6 23. fxe5 Rc7 24. Rf6 Bc8 25. Qh6 Be6 26. Ref1 Kh8 27. Bxg6 1-0

[Event "Late-Titled-Tuesday-Blitz-April-23-2024"]
[Site "Chess.com"]
[Date "2024.04.23"]
[Round "8"]
[White "Smoking_Crow"]
[Black "Naruna_Chan"]
[Result "1-0"]
[WhiteElo "2601"]
[BlackElo "2426"]
[TimeControl "180+1"]
[EndTime "15:27:25 PDT"]
[Termination "Smoking_Crow won by resignation"]

1. e4 c5 2. Nf3 Nc6 3. c3 d6 4. d4 cxd4 5. cxd4 g6 6. Nc3 Bg7 7. h3 Nf6 8. Be3 O-O 9. Qd2 e5 10. d5 Nb8 11. Bd3 b6 12. g4 Ba6 13.
Bxa6 Nxa6 14. Qe2 Nc5 15. Bxc5 bxc5 16. O-O-O Rb8 17. Rdg1 Rb4 18. a3 Rb3 19. Nd2 Rb7 20.
Nc4 Nd7 21. Nxd6 Rb8 22. Nc4 Nb6 23. Nxb6 Rxb6 24. h4 f5 25. gxf5 gxf5 26. exf5 Rxf5 27. Rg4 Rg6 28. Rhg1 Rxg4 29. Qxg4 Qf6 30. Ne4 Qf8 31.
Kb1 Kh8 32. d6 Rf4 33. Qxg7+ Qxg7 34. Rxg7 Kxg7 35. d7 Rf8 36. Ng5 Kf6 37. Nxh7+ 1-0

[Event "Late-Titled-Tuesday-Blitz-April-23-2024"]
[Site "Chess.com"]
[Date "2024.04.23"]
[Round "8"]
[White "Bryanl106"]
[Black "stollenmonster"]
[Result "1/2-1/2"]
[WhiteElo "2697"]
[BlackElo "2904"]
[TimeControl "180+1"]
[EndTime "15:27:26 PDT"]
[Termination "Game drawn by repetition"]

1. e4 c5 2. Nf3 Nf6 3. e5 Nd5 4. d4 cxd4 5. Bc4 Nb6 6. Bb3 Nc6 7. O-O g6 8. Bf4 Bg7 9. Re1 O-O 10. Nxd4 Nxd4 11.
Qxd4 d6 12. Nc3 dxe5 13. Qxd8 Rxd8 14. Bxe5 Bxe5 15. Rxe5 e6 16. Rd1 Rxd1+ 17. Nxd1 Bd7 18. Nc3 Bc6 19. Re1 Kf8 20. f3 Ke7 21. Kf2 Rd8 22.
Rd1 Rxd1 23. Nxd1 e5 24. Nc3 f5 25. Ke3 Kd6 26. h4 Bd5 27. Nb5+ Kc5 28. Nxa7 Bc4 29. c3 Nd5+ 30. Kd2 Bxb3 31. axb3 Nf4 32. g3 Nh5 33. g4 fxg4 34. fxg4 Nf6 35. g5 Ne4+ 36. Ke3 Ng3 37. Nc8 Kd5 38. Nb6+ Ke6 39. Kf3 Nf5 40. Kg4 Ne3+ 41. Kf3 Nf5 42. Kg4 Ne3+ 43.
Kf3 Nf5 1/2-1/2

[Event "Late-Titled-Tuesday-Blitz-April-23-2024"]
[Site "Chess.com"]
[Date "2024.04.23"]
[Round "8"]
[White "MuhittinBuker"]
[Black "theredking89"]
[Result "0-1"]
[WhiteElo "2175"]
[BlackElo "2797"]
[TimeControl "180+1"]
[EndTime "15:27:30 PDT"]
[Termination "theredking89 won by checkmate"]

1. d4 Nf6 2. c4 g6 3. Nc3 Bg7 4.
e4 O-O 5. Nf3 d6 6. Be2 c5 7. d5 e6 8. O-O exd5 9. cxd5 Re8 10.
Nd2 Na6 11. Re1 Nc7 12. a4 b6 13. Bf1 Rb8 14. Nc4 Ba6 15. Bf4 Bxc4 16. Bxc4 Nh5 17. Be3 Bxc3 18. bxc3 Rxe4 19. Be2 Rxe3 20. fxe3 Nf6 21. Bf3 Qe7 22. c4 a5 23. Rb1 Na6 24.
e4 Nd7 25. Be2 Ne5 26. Bf1 Nb4 27. Qd2 Kg7 28. Kh1 f6 29. h3 Rf8 30. Kh2 Qd7 31. Rb3 Qxa4 32. Rg3 Qd7 33. h4 Qe7 34. h5 g5 35. Kg1 h6 36. Qf2 Qf7 37. Qf5 Qxh5 38. Qe6 Qh4 39. Rge3 Nc2 40. R1e2 Nxe3 41.
Rxe3 Ng4 42. Rh3 Qf2+ 43. Kh1 Qxf1# 0-1

[Event "Late-Titled-Tuesday-Blitz-April-23-2024"]
[Site "Chess.com"]
[Date "2024.04.23"]
[Round "8"]
[White "Shankland"]
[Black "lamomiajunior"]
[Result "1-0"]
[WhiteElo "3064"]
[BlackElo "2769"]
[TimeControl "180+1"]
[EndTime "15:27:31 PDT"]
[Termination "Shankland won by checkmate"]

1. e4 c5 2. Nf3 d6 3. d4 cxd4 4. Nxd4 Nf6 5. Nc3 a6 6. Be2 e5 7. Nb3 Be7 8. Be3 Be6 9. Qd3 Nbd7 10. Nd5 Bxd5 11. exd5 Rc8 12. c4 a5 13. Nd2 O-O 14. O-O b6 15. b3 Ne8 16. Bg4 g6 17. Bxd7 Qxd7 18. Bxb6 a4 19. b4 f5 20. Rac1 Nf6 21. Rfe1 Qb7 22. Ba5 e4 23. Qe2 Qa7 24.
Red1 Nh5 25. g3 Bg5 26. c5 dxc5 27. d6 cxb4 28. Bxb4 e3 29. Rxc8 Rxc8 30. Nf3 exf2+ 31.
Kf1 Qb7 32. d7 Rd8 33. Qe8+ Kg7 34. Bf8+ Kf6 35. Qe7# 1-0

[Event "Late-Titled-Tuesday-Blitz-April-23-2024"]
[Site "Chess.com"]
[Date "2024.04.23"]
[Round "8"]
[White "jefferyx"]
[Black "TigrVShlyape"]
[Result "1-0"]
[WhiteElo "3112"]
[BlackElo "3021"]
[TimeControl "180+1"]
[EndTime "15:27:32 PDT"]
[Termination "jefferyx won by resignation"]

1. Nf3 Nf6 2. c4 c6 3. Nc3 d5 4.
cxd5 cxd5 5. d4 a6 6. Bf4 e6 7. e3 Bd6 8. Bd3 Bxf4 9. exf4 Nc6 10. O-O O-O 11. Qd2 Qd6 12. Rfe1 Bd7 13. Rac1 Rfc8 14. Bb1 g6 15. h4 Be8 16. Ne5 b5 17. f3 Na5 18. b3 Nc6 19. Ne2 Ne7 20. g4 b4 21.
Ng3 Rxc1 22. Rxc1 Rc8 23. Re1 Qb6 24. Kg2 Nc6 25. Nxc6 Rxc6 26. f5 exf5 27. g5 Ne4 28. fxe4 dxe4 29. Bxe4 fxe4 30. Nxe4 Re6 31. d5 Qd8 32.
dxe6 1-0

[Event "Late-Titled-Tuesday-Blitz-April-23-2024"]
[Site "Chess.com"]
[Date "2024.04.23"]
[Round "8"]
[White "rezamahdavi2008"]
[Black "vi_pranav"]
[Result "0-1"]
[WhiteElo "2912"]
[BlackElo "3077"]
[TimeControl "180+1"]
[EndTime "15:27:41 PDT"]
[Termination "vi_pranav won by checkmate"]

1. e4 e5 2. Nf3 Nc6 3. Bc4 Nf6 4. d3 h6 5. a4 d6 6. a5 a6 7. Nc3 g6 8. O-O Bg7 9. h3 O-O 10. Be3 Be6 11. Bxe6 fxe6 12. Ne2 Nh5 13. c3 Kh7 14. d4 d5 15. Nxe5 Nxe5 16. dxe5 Bxe5 17. Qb3 Qd6 18. Rad1 Rfd8 19. exd5 exd5 20. Qxb7 Rab8 21. Qa7 Rxb2 22. Nd4 Rf8 23. Nf3 Rxf3 24. gxf3 Bh2+ 25. Kh1 Qg3 26. Qd4 Qxh3 27. Qg4 Ng3+ 28. fxg3 Qg2# 0-1